 Dungeon Crawl Stone Soup version 0.30-a0-930-gb9d0489357 (webtiles) character file.

Game seed: 7011395527385502678

403 arthad the Digger (level 6, -1/34 HPs)
             Began as a Gargoyle Earth Elementalist on Mar 23, 2023.
             Slain by an iguana (8 damage)
             ... on level 6 of the Dungeon.
             The game lasted 00:12:17 (3435 turns).

arthad the Digger (Gargoyle Earth Elementalist)     Turns: 3435, Time: 00:12:18

Health: -1/34      AC: 10    Str: 11    XL:     6   Next: 86%
Magic:  8/11       EV: 12    Int: 18    God:
Gold:   182        SH:  5    Dex: 10    Spells: 4/12 levels left

rFire   . . .      SeeInvis .    c - +0 sling
rCold   . . .      Faith    .    (no shield)
rNeg    + + .      Spirit   .    a - +0 robe
rPois   ∞          Reflect  +    z - +0 helmet
rElec   +          Rampage  .    (no cloak)
rCorr   .                        d - +2 pair of gloves
Will    .....                    (no boots)
Stlth   ++                       v - amulet of reflection
HPRegen 0.25/turn                w - ring of positive energy
MPRegen 0.12/turn                (no ring)

@: no status effects
A: sickness immunity, AC +4, negative energy resistance 1, electricity
resistance, torment resistance 1, petrification resistance
a: no special abilities


You were on level 6 of the Dungeon.
You visited 1 branch of the dungeon, and saw 5 of its levels.

You collected 182 gold pieces.

Inventory:

Hand Weapons
 c - a +0 sling (weapon)
 e - a +0 quarterstaff
 n - a +0 dagger of draining
Armour
 a - a +0 robe (worn)
 d - a +2 pair of gloves (worn)
 z - a +0 helmet (worn)
Magical Staves
 D - a staff of conjuration
Jewellery
 v - an amulet of reflection (around neck)
 w - a ring of positive energy (left hand)
Wands
 y - a wand of polymorph (19)
 C - a wand of roots (9)
Scrolls
 g - a scroll of enchant weapon {unknown}
 h - a scroll of amnesia {unknown}
 i - 3 scrolls of immolation {unknown}
 j - 2 scrolls of magic mapping {unknown}
 q - a scroll of torment {unknown}
 u - a scroll of teleportation {unknown}
 x - a scroll of enchant armour {unknown}
 B - a scroll of blinking {unknown}
 E - 2 scrolls of identify
Potions
 b - 2 potions of magic
 f - a potion of lignification
 k - 4 potions of curing
 l - 4 potions of flight {unknown}
 m - 2 potions of mutation {unknown}
 o - a potion of invisibility {unknown}
 p - 3 potions of haste {unknown}
 r - 2 potions of heal wounds {unknown}
 s - 3 potions of brilliance {unknown}
 t - 2 potions of berserk rage {unknown}
 A - a potion of degeneration {unknown}


   Skills:
 + Level 1.2 Fighting
 + Level 1.0 Ranged Weapons
 + Level 1.2 Armour
 + Level 2.4 Dodging
 + Level 3.7 Stealth
 * Level 3.8 Spellcasting
 + Level 1.3 Conjurations
 - Level 0.7 Transmutations
 * Level 5.5 Earth Magic


You had 4 spell levels left.
You knew the following spells:

 Your Spells              Type           Power      Damage    Failure   Level
a - Sandblast             Erth           46%        2d11      1%          1
b - Stone Arrow           Conj/Erth      30%        3d8       11%         3
c - Petrify               Tmut/Erth      14%        N/A       38%         4

Your spell library contained the following spells:

 Spells                   Type           Power      Damage    Failure   Level
 Passwall                 Tmut/Erth      11%        N/A       6%          2
 Lesser Beckoning         Tloc           6%         N/A       22%         2
 Scorch                   Fire           6%         2d5       22%         2
 Gell's Gravitas          Tloc           3%         N/A       41%         3
 Teleport Other           Tloc           3%         N/A       41%         3
 Flame Wave               Conj/Fire      5%         2d5       75%         4
 Summon Ice Beast         Ice/Summ       3%         N/A       83%         4
 Summon Mana Viper        Hex/Summ       3%         N/A       99%         5
 Summon Cactus Giant      Summ           1%         N/A       100%        6
 Monstrous Menagerie      Summ           1%         N/A       100%        7


Dungeon Overview and Level Annotations

Branches:
Dungeon (4/15)
 Temple: D:4-7

Altars:
Dithmenos
Elyvilon
Makhleb
Nemelex Xobeh
Ru
The Shining One

Annotations:
D:4 1 runed translucent door, 12sPaWn12's ghost, amateur GrFi


Innate Abilities, Weirdness & Mutations

You are immune to sickness and miasma.
Your stone body is resilient. (AC +4)
You are immune to poison.
You resist negative energy. (rN+)
You are resistant to electric shocks. (rElec)
You are resistant to unholy torment.
You are immune to petrification.


Message History

You kill the adder!
r - 2 sapphire potions (gained 1)
Found a stone staircase leading up.
An ogre comes into view. It is wielding a +0 giant spiked club.
Found a stone staircase leading down.
The ogre shouts!
You hear a shout!
An iguana comes into view.
The iguana hisses angrily.
Unknown command.
The blast of sand hits the ogre!
The ogre is moderately wounded.
A centaur comes into view.
The blast of sand hits the ogre.
The ogre is heavily wounded.
The centaur shouts!
The blast of sand hits the ogre!
The ogre is severely wounded.
You block the ogre's attack. The iguana bites you!
The blast of sand hits the ogre!
You kill the ogre!
The centaur misses you. The centaur completely misses you.
The iguana bites you but does no damage.
The centaur hits you. The centaur misses you.
Your Fighting skill increases to level 1!
Your Ranged Weapons skill increases to level 1!
The centaur attacks as you move away! The centaur barely misses you.
The centaur kicks you but does no damage.
The centaur wields a +0 shortbow.
The centaur shoots an arrow.
The arrow hits you. The iguana barely misses you.
The centaur shoots an arrow.
The arrow hits you!
* * * LOW HITPOINT WARNING * * *
There is a stone staircase leading up here.
The centaur shoots an arrow.
The arrow misses you. The iguana bites you!
You die...

.......# ..†....#
.......# .# .......+ ..#
.......# .>.#
.......##############...
##....................#
.#...................#
.#..............@l..#.
.+..................#.##
.#...............c)....#
.#..................##.#
.#...[..............# .
.####'#######+###....#
............# ###....
............+ .....
............# ......


You could see a centaur and an iguana.

Vanquished Creatures
  An ogre (D:6)
  A hound (D:2)
  Ijyb (D:4)
  2 orc wizards (D:4)
  4 gnolls
  5 adders
  A white imp (D:6)
  2 ufetubi
  A worm (D:2)
  3 dart slugs
  5 orcs (D:4)
  7 ball pythons
  8 bats
  5 endoplasms
  5 giant cockroaches
  5 goblins
  10 hobgoblins
  9 jackals
  5 quokkas
  6 frilled lizards
  6 kobolds
  5 rats
97 creatures vanquished.

Vanquished Creatures (others)
  A withered plant (D:4)
1 creature vanquished.

Grand Total: 98 creatures vanquished

Notes
Turn   | Place    | Note
-------+----------+-------------------------------------------
     0 | D:1      | arthad the Gargoyle Earth Elementalist began the quest for
                  | the Orb.
     0 | D:1      | Reached XP level 1. HP: 10/10 MP: 3/3
   126 | D:1      | Reached XP level 2. HP: 15/15 MP: 1/5
   243 | D:1      | Reached skill level 4 in Earth Magic
   411 | D:1      | Reached XP level 3. HP: 19/19 MP: 4/6
  1111 | D:2      | Reached XP level 4. HP: 24/24 MP: 5/8
  1261 | D:2      | Reached XP level 5. HP: 28/28 MP: 9/9
  1502 | D:2      | Reached skill level 5 in Earth Magic
  1981 | D:3      | Learned a level 3 spell: Stone Arrow
  1986 | D:3      | Learned a level 4 spell: Petrify
  2064 | D:3      | Found a faded altar of an unknown god.
  3020 | D:4      | Reached XP level 6. HP: 20/33 MP: 7/11
  3090 | D:4      | Found a sparkling altar of Nemelex Xobeh.
  3102 | D:4      | Found a sacrificial altar of Ru.
  3104 | D:4      | Found a white marble altar of Elyvilon.
  3104 | D:4      | Found a shadowy altar of Dithmenos.
  3107 | D:4      | Found a glowing golden altar of the Shining One.
  3109 | D:4      | Found a burning altar of Makhleb.
  3238 | D:4      | Found a runed translucent door.
  3238 | D:4      | Noticed 12sPaWn12's ghost (amateur GrFi)
  3268 | D:4      | Reached skill level 1 in Conjurations
  3272 | D:4      | Noticed Ijyb
  3299 | D:4      | Killed Ijyb
  3356 | D:4      | You fall into a shaft and drop 2 floors!
  3364 | D:6      | Noticed a black bear
  3379 | D:6      | Reached skill level 1 in Armour
  3433 | D:6      | Reached skill level 1 in Fighting
  3433 | D:6      | Reached skill level 1 in Ranged Weapons
  3435 | D:6      | Slain by an iguana

Illustrated notes

Levels and vault maps discovered:
D:1:      scummos_arrival_simple_fountains, layout_loops_cross
D:2:      layout_basic, serial_rivers, chequers_serial_rivers_small_b,
          chequers_serial_rivers_marsh, chequers_serial_rivers_micro_c,
          chequers_serial_rivers_micro_e, chequers_serial_rivers_small_b,
          chequers_serial_rivers_micro_c, kennysheep_generic_room_11
D:3:      layout_loops_corners, basic_ecumenical_altar
D:4:      layout_loops_ring, minitemple, gammafunk_ghost_grave,
          minmay_misc_feat_plants, uniq_ijyb, uniq_crazy_yiuf_cottage
D:6:      layout_gridville, serial_shops, nicolae_diamond_shop,
          minmay_manual_mess

Skill      XL: |  1  2  3  4  5  6 |
---------------+-------------------+-----
Earth Magic    | 4 5 |  5.5
Dodging        | 2 |  2.4
Stealth        | 3 |  3.7
Spellcasting   | 3 |  3.8
Conjurations   | 1 |  1.3
Armour         | 1 |  1.2
Fighting       | 1 |  1.2
Ranged Weapons | 1 |  1.0
Transmutations | |  0.7

Action                     |  1- 3 |  4- 6 || total
---------------------------+-------+-------++-------
  Melee: Unarmed           |       |    15 ||    15
   Fire: Sling             |    29 |   105 ||   134
   Cast: Sandblast         |    41 |    67 ||   108
    Use: Scroll            |       |     2 ||     2
   Stab: Confused          |       |     1 ||     1
 Armour: Robe              |     7 |    21 ||    28
         Skin              |       |     2 ||     2
  Dodge: Dodged            |    13 |    64 ||    77
  Block: Other             |       |     3 ||     3
         Reflection        |       |     1 ||     1

Table legend: (Time is in decaauts)
 A = Elapsed time spent in this place.
 B = Non-inter-level travel time spent in this place.
 C = Inter-level travel time spent in this place.
 D = Time resting spent in this place.
 E = Time spent auto-exploring this place.
 F = Levels seen in this place.
 G = Mean time per level.
                   A        B        C        D        E       F      G
               +--------+--------+--------+--------+--------+-----+--------+
         Total |   3544 |   3441 |    103 |      0 |   2817 |   5 |  708.8 |
       Dungeon |   3544 |   3441 |    103 |      0 |   2817 |   5 |  708.8 |
               +--------+--------+--------+--------+--------+-----+--------+

Top non-repeatable levels by time:
     D:1: 1138 daAuts
     D:3: 1043 daAuts
     D:2: 700 daAuts
     D:4: 579 daAuts
     D:6: 82 daAuts
